 Dungeon Crawl Stone Soup version 0.26-a0-599-gc8f6553 (webtiles) character file.

Game seed: 17962088353223514856

34587 pkoi the Grappler (level 13, -1/108 HPs)
             Began as a White Draconian Fighter on Aug 30, 2020.
             Was a High Priest of Qazlal.
             Killed from afar by a molten gargoyle (15 damage)
             ... with a bolt of magma
             ... on level 6 of the Lair of Beasts.
             The game lasted 00:30:02 (17437 turns).

pkoi the Grappler (White Draconian Fighter)        Turns: 17437, Time: 00:30:03

Health: -1/108     AC: 11    Str: 24    XL:     13   Next: 43%
Magic:  14/21      EV: 14    Int: 18    God:    Qazlal [*****.]
Gold:   977        SH: 18    Dex:  9    Spells: 14/17 levels left

rFire    + . .     SeeInvis .     - Unarmed
rCold    + . .     Faith    .   a - +0 kite shield
rNeg     . . .     Spirit   .   (armour unavailable)
rPois    +         Reflect  .   (helmet restricted)
rElec    .         Harm     .   x - +0 cloak
rCorr    .         Clarity  +   k - +1 pair of gloves
MR       .....                  (no boots)
Stlth    ..........             d - amulet of regeneration
HPRegen  0.68/turn              m - ring of poison resistance
MPRegen  0.17/turn              H - ring "Zadoq" {Str+8 Int+6 Dex-2 Stlth-}

@: protected from fire, repel missiles
A: breathe frost, unfitting armour, clarity, cold resistance 1, weak 2,
cold-blooded, AC +8
a: Breathe Frost, Upheaval, Elemental Force, Disaster Area, Renounce Religion


You were on level 6 of the Lair of Beasts.
You worshipped Qazlal.
Qazlal was extremely pleased with you.
You visited 2 branches of the dungeon, and saw 17 of its levels.

You collected 1031 gold pieces.
You spent 54 gold pieces at shops.

Inventory:

Hand Weapons
 b - the +8 whip "Snakebite" {curare, rPois}
   (You found it on level 2 of the Lair of Beasts)

   It poisons the flesh of those it strikes.
   It protects you from poison.
Missiles
 j - 8 boomerangs (quivered)
 s - 3 throwing nets
 A - 44 poisoned darts
Armour
 a - a +0 kite shield (worn)
 k - a +1 pair of gloves (worn)
 x - a +0 cloak (worn)
Jewellery
 d - an amulet of regeneration (around neck)
 m - a ring of poison resistance (left hand)
 n - an uncursed amulet of the acrobat
 u - an uncursed ring of protection from cold
 z - a +6 ring of strength
 E - an uncursed amulet of reflection
 H - the ring "Zadoq" (right hand) {Str+8 Int+6 Dex-2 Stlth-}
   (You found it on level 11 of the Dungeon)

   [ring of intelligence]

   It affects your strength (+8).
   It affects your intelligence (+6).
   It affects your dexterity (-2).
   It makes you less stealthy.
Wands
 l - a wand of acid (9)
 B - a wand of flame (20)
 C - a wand of random effects (33)
 I - a wand of paralysis (4)
 K - a wand of polymorph (11)
 O - a wand of iceblast (7)
Scrolls
 c - 4 scrolls of fear
 e - 9 scrolls of teleportation
 f - 4 scrolls of amnesia
 h - 16 scrolls of identify
 i - 5 scrolls of enchant weapon
 o - 8 scrolls of immolation
 q - a scroll of enchant armour
 t - 5 scrolls of magic mapping
 v - 5 scrolls of remove curse
 y - 2 scrolls of blinking
Potions
 g - 2 potions of heal wounds
 p - 4 potions of lignification
 r - a potion of magic
 w - a potion of stabbing
 D - 5 potions of curing
 F - a potion of invisibility
 J - a potion of brilliance
 L - 4 potions of might
 N - a potion of haste
Miscellaneous
 G - a condenser vane (2/2)
 M - a phantom mirror
 P - a phantom mirror


   Skills:
 - Level 8.4 Fighting
 - Level 0.3 Throwing
 - Level 7.2 Dodging
 + Level 10.1 Shields
 + Level 14.4 Unarmed Combat
 + Level 2.8 Spellcasting
 + Level 3.0 Translocations
 + Level 11.4 Invocations


You had 14 spell levels left.
You knew the following spells:

 Your Spells              Type           Power        Failure   Level
a - Apportation           Tloc           ##....       9%          1
b - Blink                 Tloc           N/A          13%         2

Your spell library contained the following spells:

 Spells                   Type           Power        Failure   Level
 Lesser Beckoning         Tloc           ##........   26%         3
 Corona                   Hex            #......      30%         1
 Magic Dart               Conj           #...         30%         1
 Call Imp                 Summ           #.......     43%         2
 Slow                     Hex            #.......     43%         2
 Portal Projectile        Hex/Tloc       #.....       45%         3
 Conjure Flame            Conj/Fire      #.......     67%         3
 Inner Flame              Hex/Fire       #.......     67%         3
 Mephitic Cloud           Conj/Pois/Air  #.......     67%         3
 Tukima's Dance           Hex            #.......     67%         3
 Cause Fear               Hex            #.........   97%         4
 Leda's Liquefaction      Hex/Erth       #.........   97%         4
 Summon Lightning Spire   Summ/Air       #.......     97%         4
 Alistair's Intoxication  Tmut/Pois      #........    100%        5
 Silence                  Hex/Air        #.........   100%        5
 Conjure Ball Lightning   Conj/Air       #.........   100%        6
 Invisibility             Hex            #.......     100%        6
 Tornado                  Air            #.........   100%        9


Dungeon Overview and Level Annotations

Branches:
Dungeon (11/15)            Temple (0/1) D:5            Lair (6/6) D:10
  Swamp (0/4) Lair:3       Spider (0/4) Lair:4        Slime (0/5) Lair:5
    Orc (0/2) D:11

Altars:
Dithmenos
Fedhas
Hepliaklqana
Kikubaaqudgha
Makhleb
Okawaru
Qazlal
Trog
Vehumet
Wu Jian
Yredelemnul
Jiyva

Shops:
D:6 *   D:10 =

Annotations:
D:8 exclusion: orange crystal statue
Lair:5 1 runed translucent door


Innate Abilities, Weirdness & Mutations

You can breathe waves of freezing cold.
You can buffet flying creatures when you breathe cold.
Your icy white scales are hard. (AC +8)
You cannot fit into any form of body armour.
Your flesh is cold resistant. (rC+)
You are cold-blooded and may be slowed by cold attacks.
You possess an exceptional clarity of mind.
You are very weak. (Str -4)


Message History

The bolt of magma hits you!!
You feel protected from fire.
* * * LOW HITPOINT WARNING * * *
You hear a sizzling sound!
Unknown command.
You block the komodo dragon's attack. You block the komodo dragon's attack.
The molten gargoyle sizzles in the rain.
The molten gargoyle blasts magma at you!
The bolt of magma hits you. You partially resist.
* * * LOW HITPOINT WARNING * * *
You hear a sizzling sound!
Unknown command.
The molten gargoyle blasts magma at you!
The bolt of magma hits you!! You partially resist.
You feel more protected from fire.
* * * LOW HITPOINT WARNING * * *
The molten gargoyle blasts magma at you!
The bolt of magma hits you! You partially resist.
You die...

§§......#....8# ##≈§
≈§#.....#.....## #≈§§
≈≈##....≈#....8##≈≈###
## ##...§§...###≈≈§≈§≈
###§≈≈≈#..#≈≈≈#
≈§§..§≈§..S######
#####.≈.#.☼.#8#8#
#...$##.§###....##
....$ #≈§#..@....# #
..... #≈≈≈.○§l○.## ≈
#§§≈☼99..°.##≈##
#≈≈≈...°○..°#§§#
#≈§..........≈§#
#≈##....§....≈§## ≈
##........≈§#
#.....#.≈≈##
§§#..#8#.≈§#


You could see a komodo dragon, 2 molten gargoyles and a lava snake.

Vanquished Creatures
  2 hydras
  Harold (D:10)
  A centaur warrior (D:10)
  A two-headed ogre (D:7)
  A queen ant (D:10)
  An unseen horror (D:10)
  A lindwurm (Lair:5)
  A deep elf mage (D:11)
  9 black mambas
  A centaur zombie (D:11)
  Maurice (D:9)
  A molten gargoyle (Lair:5)
  5 cane toads
  12 komodo dragons
  An efreet (D:11)
  3 trolls (D:11)
  A polar bear (Lair:5)
  10 blink frogs
  8 hippogriffs
  A meliai zombie (D:10)
  Sigmund (D:2)
  2 shadows (D:11)
  2 wraiths (D:11)
  4 wyverns
  21 yaks
  2 basilisks
  2 steam dragons (Lair:6)
  Menkaure (D:7)
  4 soldier ants
  13 water moccasins
  Duvessa (D:4)
  8 porcupines
  4 hell hounds
  2 ice beasts
  4 sky beasts
  4 orc warriors
  6 ogres
  4 phantoms
  9 wolves
  12 centaurs
  10 crocodiles
  3 big kobolds
  15 bullfrogs
  4 troll zombies (D:11)
  2 scorpions
  3 killer bees (D:6)
  Dowan (D:4)
  4 wights (D:10)
  2 electric eels (Lair:2)
  A howler monkey (D:6)
  4 lava snakes (Lair:6)
  9 hounds
  Crazy Yiuf (D:2)
  7 orc priests
  4 jellies
  A gnoll shaman (D:8)
  36 worker ants
  5 iguanas
  9 orc wizards
  2 ogre zombies (D:11)
  A hound skeleton (D:11)
  Robin (D:4)
  4 gnolls (D:8)
  8 adders
  A shadow imp (D:10)
  4 white imps
  An ufetubus (D:5)
  An ooze (D:3)
  2 adder skeletons
  3 worms
  2 dart slugs
  34 orcs
  4 giant cockroaches
  20 goblins
  9 hobgoblins
  9 jackals
  21 kobolds
  4 quokkas
  A ball python (D:4)
  3 bats
  7 frilled lizards
  A goblin skeleton (D:11)
  3 goblin zombies (D:11)
  A hobgoblin skeleton (D:11)
  2 hobgoblin zombies (D:11)
  A leopard gecko skeleton (D:6)
  An orc skeleton (D:11)
  11 orc zombies (D:11)
  5 rats
456 creatures vanquished.

Vanquished Creatures (others)
  20 fungi
  23 plants
43 creatures vanquished.

Grand Total: 499 creatures vanquished

Notes
Turn   | Place    | Note
-------+----------+-------------------------------------------
     0 | D:1      | pkoi the Draconian Fighter began the quest for the Orb.
     0 | D:1      | Reached XP level 1. HP: 19/19 MP: 1/1
   255 | D:1      | Reached XP level 2. HP: 25/26 MP: 2/2
   752 | D:2      | Reached XP level 3. HP: 26/31 MP: 3/3
   796 | D:2      | Reached skill level 3 in Unarmed Combat
   900 | D:2      | Found a stormy altar of Qazlal.
  1004 | D:2      | Became a worshipper of Qazlal Stormbringer
  1262 | D:2      | Found a runed translucent door.
  1263 | D:2      | Noticed Crazy Yiuf
  1415 | D:3      | Reached XP level 4. HP: 38/38 MP: 4/4
  1553 | D:3      | Noticed Sigmund
  1584 | D:3      | Reached skill level 1 in Invocations
  1613 | D:3      | Gained mutation: You are weak. (Str -2) [potion of
                  | mutation]
  1613 | D:3      | Gained mutation: You are very weak. (Str -4) [potion of
                  | mutation]
  1613 | D:3      | Gained mutation: You possess an exceptional clarity of
                  | mind. [potion of mutation]
  1807 | D:4      | Reached skill level 4 in Unarmed Combat
  1807 | D:4      | Reached XP level 5. HP: 45/45 MP: 6/6
  1871 | D:4      | Reached * piety under Qazlal
  2008 | D:4      | Found a radiant altar of Vehumet.
  2126 | D:4      | Reached XP level 6. HP: 39/51 MP: 8/8
  2385 | D:4      | Noticed Robin
  2442 | D:3      | Reached skill level 5 in Unarmed Combat
  2469 | D:4      | Killed Robin
  2595 | D:5      | Entered Level 5 of the Dungeon
  2748 | D:5      | Noticed Duvessa
  2754 | D:5      | Noticed Dowan
  2874 | D:5      | Found an ornate altar of the Wu Jian Council.
  3014 | D:5      | Found a staircase to the Ecumenical Temple.
  3021 | D:5      | Your scales start taking on an icy white colour.
  3021 | D:5      | Reached XP level 7. HP: 54/57 MP: 10/10
  3021 | D:5      | Gained mutation: Your flesh is cold resistant. (rC+) [White
                  | Draconian growth]
  3347 | D:5      | Reached skill level 5 in Invocations
  3543 | D:6      | Found a burning altar of Makhleb.
  3562 | D:5      | Reached skill level 6 in Unarmed Combat
  3753 | D:6      | Reached ** piety under Qazlal
  3858 | D:6      | Reached skill level 7 in Unarmed Combat
  3939 | D:6      | Reached XP level 8. HP: 63/63 MP: 11/11
  3950 | D:6      | Reached skill level 8 in Unarmed Combat
  4037 | D:6      | Found a blossoming altar of Fedhas.
  4093 | D:6      | Found Segouth's Assorted Antiques.
  4339 | D:7      | Reached skill level 9 in Unarmed Combat
  4415 | D:6      | HP: 2/63 [centaur/cursed -2 shortbow (6)]
  4656 | D:7      | Reached skill level 10 in Unarmed Combat
  4730 | D:7      | Noticed a two-headed ogre
  4735 | D:7      | Noticed Menkaure
  4739 | D:7      | Killed a two-headed ogre
  4739 | D:7      | Reached skill level 11 in Unarmed Combat
  4739 | D:7      | Reached XP level 9. HP: 32/70 MP: 3/12
  4759 | D:7      | HP: 3/70 [??? (1)]
  4912 | D:7      | Killed Menkaure
  5381 | D:7      | Found a hazy altar of Hepliaklqana.
  5587 | D:4      | Killed Dowan
  5607 | D:4      | Killed Duvessa
  5660 | D:2      | Killed Sigmund
  5739 | D:2      | Killed Crazy Yiuf
  6255 | D:8      | Noticed an orange crystal statue
  6638 | D:8      | Found a basalt altar of Yredelemnul.
  6874 | D:8      | Found a bloodstained altar of Trog.
  6880 | D:8      | Reached XP level 10. HP: 64/80 MP: 14/14
  7008 | D:8      | Reached skill level 12 in Unarmed Combat
  7009 | D:8      | Reached *** piety under Qazlal
  7508 | D:9      | Reached skill level 5 in Fighting
  7667 | D:9      | Noticed Maurice
  7668 | D:9      | Found a shadowy altar of Dithmenos.
  7728 | D:9      | Killed Maurice
  7728 | D:9      | Reached skill level 5 in Shields
  8157 | D:10     | Entered Level 10 of the Dungeon
  8164 | D:10     | Noticed Harold
  8191 | D:10     | Killed Harold
  8191 | D:10     | Reached skill level 5 in Dodging
  8400 | D:10     | Found an iron altar of Okawaru.
  8452 | D:10     | Found Nagirri's Jewellery Emporium.
  8459 | D:10     | Bought a cursed ring of attention for 54 gold pieces
  8524 | D:10     | Found a staircase to the Lair.
  8703 | D:10     | Noticed a centaur warrior
  8711 | D:10     | Killed a centaur warrior
  9151 | D:11     | Noticed a deep elf mage
  9181 | D:11     | Killed a deep elf mage
  9181 | D:11     | Reached **** piety under Qazlal
  9181 | D:11     | Reached XP level 11. HP: 75/91 MP: 16/16
  9422 | D:11     | Got a scorched copper ring
  9423 | D:11     | Identified the ring "Zadoq" {Str+8 Int+6 Dex-2 Stlth-} (You
                  | found it on level 11 of the Dungeon)
  9996 | D:10     | Noticed a queen ant
 10010 | D:10     | Killed a queen ant
 10542 | D:10     | Killed an unseen horror
 10899 | D:11     | Reached skill level 13 in Unarmed Combat
 10951 | D:11     | Found a staircase to the Orcish Mines.
 10962 | D:11     | Reached ***** piety under Qazlal
 11396 | Lair:1   | Entered Level 1 of the Lair of Beasts
 11547 | Lair:1   | Found an ancient bone altar of Kikubaaqudgha.
 11726 | Lair:1   | Reached XP level 12. HP: 62/101 MP: 18/18
 13292 | Lair:2   | Reached skill level 10 in Invocations
 13315 | Lair:2   | Found the +8 whip "Snakebite" {curare, rPois}
 13875 | Lair:3   | Found a staircase to the Swamp.
 13995 | Lair:2   | Reached skill level 14 in Unarmed Combat
 14569 | Lair:4   | Found a hole to the Spider Nest.
 14687 | Lair:4   | Learned a level 1 spell: Apportation
 14690 | Lair:4   | Learned a level 2 spell: Blink
 15297 | Lair:5   | Reached XP level 13. HP: 105/108 MP: 21/21
 15496 | Lair:5   | Reached skill level 1 in Spellcasting
 15496 | Lair:5   | Reached skill level 1 in Translocations
 16091 | Lair:5   | Found a runed translucent door.
 16091 | Lair:5   | Found a viscous altar of Jiyva.
 16091 | Lair:5   | Found a staircase to the Slime Pits.
 16349 | Lair:6   | Entered Level 6 of the Lair of Beasts
 17077 | Lair:5   | Reached skill level 10 in Shields
 17376 | Lair:6   | Noticed a fire dragon
 17437 | Lair:6   | Killed from afar by a molten gargoyle

Illustrated notes

Levels and vault maps discovered:
D:1:      evilmike_arrival_rings, layout_loops_ring, bh_walls_and_bars
D:2:      layout_rooms, grunt_qazlal_clouds, uniq_crazy_yiuf_cottage
D:3:      layout_basic, uniq_sigmund
D:4:      layout_gridville, old_standard_altar, uniq_robin
D:5:      layout_loops_ring, old_standard_altar,
          minmay_temple_entry_butterflies, uniq_duvessa
D:6:      corexii_shack_village, layout_rooms, bloody_makhleb, serial_shops,
          nicolae_shop_behind_doors, fedhas_bush_and_centaur_altar
D:7:      layout_cave_pods, basic_altar, minmay_splitting_lines, uniq_menkaure
D:8:      layout_basic, lightli_temple_of_fire, basic_altar, dk_noncrumbling_3,
          disabler_island
D:9:      layout_basic, minmay_ruined_shrine, uniq_maurice
D:10:     layout_grid_maze, dpeg_oklobed_lair, basic_altar, serial_shops, shop,
          small_statue_alley_a, zaba_antful_of_joy, uniq_harold
D:11:     layout_basic, zombieorc1_lemuel, minmay_diamond_spiral
Lair:1:   layout_roguey, basic_altar, lemuel_fruit_tree
Lair:2:   minmay_guarded_unrand_snakebite, layout_regular_city,
          nicolae_quartered_pool_little, beast_lair_carwin_5,
          serial_bayou_shore_b
Lair:3:   layout_roguey, swamp_mist_pool, infiniplex_staircase_pool_2,
          grunt_megastairs_4
Lair:4:   layout_small_grid, dummy_spider_entry, serial_bayou_crossing
Lair:5:   layout_cave_pods, slime_altar_2
Lair:6:   cheibrodos_lair_end_hotspot, layout_cave_shapes

Skill      XL: |  1  2  3  4  5  6  7  8  9 10 11 12 13 |
---------------+----------------------------------------+-----
Dodging        | 3 4 5 6 7 |  7.2
Unarmed Combat | 3 4 5 7 11 12 13 14 | 14.4
Invocations    | 2 3 4 5 6 7 9 10 11 | 11.4
Fighting       | 4 6 8 |  8.4
Shields        | 4 6 7 9 10 | 10.1
Spellcasting   | 2 |  2.8
Translocations | 3 |  3.0
Throwing       | |  0.3

Action                   |  1- 3 |  4- 6 |  7- 9 | 10-12 | 13-15 || total
-------------------------+-------+-------+-------+-------+-------++-------
Melee: Unarmed           |   116 |   242 |   377 |   890 |   203 ||  1828
       Tailslap          |    17 |    25 |    40 |   154 |    29 ||   265
       Whip              |       |       |       |    40 |       ||    40
Throw: Boomerang         |       |     3 |       |       |       ||     3
Invok: Upheaval          |       |       |     3 |     8 |     6 ||    17
 Abil: Breathe Frost     |       |       |     4 |     2 |     1 ||     7
  Use: Potion            |       |     5 |     4 |       |       ||     9
       Scroll            |       |    11 |     5 |     9 |     1 ||    26
Armor: Skin              |    25 |    69 |   108 |   162 |    35 ||   399
Dodge: Dodged            |    43 |    88 |   121 |   264 |    95 ||   611
       Repelled          |       |       |       |     2 |     2 ||     4
Block: Kite shield       |    49 |   116 |   230 |   656 |   202 ||  1253

Table legend: (Time is in decaauts)
 A = Elapsed time spent in this place.
 B = Non-inter-level travel time spent in this place.
 C = Inter-level travel time spent in this place.
 D = Time resting spent in this place.
 E = Time spent auto-exploring this place.
 F = Levels seen in this place.
 G = Mean time per level.
                   A        B        C        D        E       F      G
               +--------+--------+--------+--------+--------+-----+--------+
         Total |  17264 |  15996 |   1268 |   2820 |   9226 |  17 | 1015.5 |
       Dungeon |  11296 |  10469 |    827 |   1491 |   6188 |  11 | 1026.9 |
          Lair |   5967 |   5526 |    441 |   1329 |   3038 |   6 |  994.5 |
               +--------+--------+--------+--------+--------+-----+--------+

Top non-repeatable levels by time:
    D:10: 1904 daAuts
  Lair:5: 1631 daAuts
  Lair:2: 1280 daAuts
    D:11: 1133 daAuts
     D:9: 1102 daAuts
     D:6: 1093 daAuts
     D:5: 1006 daAuts
     D:7: 986 daAuts
  Lair:1: 980 daAuts
     D:3: 953 daAuts
  Lair:3: 887 daAuts
  Lair:4: 872 daAuts
     D:8: 864 daAuts
     D:4: 783 daAuts
     D:2: 741 daAuts
